 Dungeon Crawl Stone Soup version 0.22-a0-455-ga0624bf (webtiles) character file.

87 KristoblXynda the Slasher (level 4, -6/39 HPs)
             Began as a Naga Gladiator on June 5, 2018.
             Mangled by junkhipster's ghost (10 damage)
             ... on level 3 of the Dungeon.
             The game lasted 00:03:14 (1864 turns).

KristoblXynda the Slasher (Naga Gladiator)          Turns: 1864, Time: 00:03:15

Health: -6/39      AC:  5    Str: 18    XL:     4   Next: 51%
Magic:  4/4        EV: 15    Int:  8    God:
Gold:   103        SH:  0    Dex: 17    Spells: 3/3 levels left

rFire    . . .     SeeInvis +   a - +0 long sword
rCold    . . .     Gourm    .   (no shield)
rNeg     . . .     Faith    .   j - +0 ring mail
rPois    +         Spirit   .   c - +0 helmet
rElec    .         Reflect  .   (no cloak)
rCorr    .         Harm     .   (no gloves)
MR       .....                  (no barding)
Stlth    ++........             (no amulet)
HPRegen  0.13/turn              l - ring of see invisible
MPRegen  0.09/turn              (no ring)

@: agile, about to teleport, flying, very slow
A: large, see invisible, deformed body, poison resistance, slowness 2, slow
metabolism 1, spit poison 1, AC +1
a: Spit Poison


You were on level 3 of the Dungeon.
You were not hungry.

You visited 1 branch of the dungeon, and saw 3 of its levels.

You collected 103 gold pieces.

Inventory:

Hand Weapons
 a - a +0 long sword (weapon)
Missiles
 d - 3 throwing nets (quivered)
Armour
 c - a +0 helmet (worn)
 j - a +0 ring mail (worn)
Jewellery
 l - a ring of see invisible (left hand)
Scrolls
 k - a scroll of noise {unknown}
 m - a scroll of remove curse {unknown}
 n - 2 scrolls of teleportation
Potions
 b - a potion of haste
 g - a potion of brilliance
 o - 2 potions of resistance
Comestibles
 f - 3 rations


   Skills:
 - Level 2.0 Fighting
 * Level 4.0 Long Blades
 - Level 2.0 Throwing
 + Level 1.2 Armour
 - Level 3.0 Dodging
 + Level 0.7 Stealth


You had 3 spell levels left.
You didn't know any spells.
Your spell library was empty.

Dungeon Overview and Level Annotations

Branches:
Dungeon (3/15)

Altars:

Annotations:
D:3 junkhipster's ghost, amateur GrFi


Innate Abilities, Weirdness & Mutations

You cannot wear boots.
Your serpentine skin is tough. (AC +1)
You have supernaturally acute eyesight. (SInv)
Armour fits poorly on your strangely shaped body.
Your system is resistant to poisons. (rPois)
You cover ground very slowly.
You have a slow metabolism.
You can spit poison.


Message History

Unknown command.
You closely miss junkhipster's ghost. Junkhipster's ghost hits you!
Junkhipster's ghost hits you.
You hit junkhipster's ghost.
Junkhipster's ghost is lightly damaged.
Junkhipster's ghost closely misses you.
You riposte.
You hit junkhipster's ghost but do no damage.
Junkhipster's ghost is lightly damaged.
It was a potion of flight.
You feel very buoyant.
You fly up into the air.
Junkhipster's ghost hits you!
* * * LOW HITPOINT WARNING * * *
As you read the scroll labeled JAUNTU YBYT, it crumbles to dust.
You feel strangely unstable.
It was a scroll of teleportation.
Junkhipster's ghost closely misses you.
You riposte.
You hit junkhipster's ghost.
Junkhipster's ghost is lightly damaged.
Unknown command.
Junkhipster's ghost hits you!
You die...

#. ##..>#
.###.###....##
..........P..#
..........♣..#
........♣♣..##
...#.#...PP..#
#..#.#.#....##
...........#######
#.#......w.W@.#
...#.##.########
## #.##.# ..##.#
.#.##.# ..#.##..
.. ###..# ##. ..#
# ..#


You could see a worm and junkhipster's ghost.

Vanquished Creatures
  A gnoll (D:1)
  4 adders
  2 worms (D:2)
  A dart slug (D:1)
  A leopard gecko (D:2)
  An orc (D:3)
  4 bats
  2 giant cockroaches
  4 goblins
  3 hobgoblins
  4 jackals (D:1)
  A frilled lizard (D:1)
  5 rats
33 creatures vanquished.

Notes
Turn   | Place    | Note
-------+----------+-------------------------------------------
     0 | D:1      | KristoblXynda the Naga Gladiator began the quest for the Orb.
     0 | D:1      | Reached XP level 1. HP: 19/19 MP: 1/1
    40 | D:1      | Reached XP level 2. HP: 26/26 MP: 2/2
   238 | D:1      | Reached XP level 3. HP: 19/32 MP: 3/3
  1077 | D:2      | Reached skill level 1 in Armour
  1290 | D:2      | Reached XP level 4. HP: 26/39 MP: 4/4
  1792 | D:3      | Reached skill level 4 in Long Blades
  1843 | D:3      | Noticed junkhipster's ghost (amateur GrFi)
  1864 | D:3      | Mangled by junkhipster's ghost

Vault maps used:
D:1:      dpeg_arrival_rooms_c
D:2:      first_ration
D:3:      serial_park_tiny_2, grunt_gozag_statues

Skill      XL: |  1  2  3  4 |
---------------+-------------+-----
Throwing       | 2 |  2.0
Armour         | 1 |  1.2
Dodging        | 3 |  3.0
Long Blades    | 4 |  4.0
Fighting       | |  2.0
Stealth        | |  0.7

Action                   |  1- 3 |  4- 6 || total
-------------------------+-------+-------++-------
Melee: Long sword        |    84 |    41 ||   125
 Abil: Spit Poison       |     6 |     2 ||     8
  Use: Scroll            |       |     4 ||     4
       Potion            |       |     3 ||     3
  Eat: Chunk             |     1 |     1 ||     2
Armor: Leather armour    |     9 |       ||     9
       Ring mail         |    24 |    15 ||    39
Dodge: Dodged            |    52 |    27 ||    79
       Rpst.: Long sword |    14 |    10 ||    24

Table legend:
 A = Spawn XP
 B = Non-spawn XP
 C = Spawn XP percentage of total XP
 D = Spawn monster count
 E = Non-spawn monster count
 F = Spawn count percentage of total count
 G = Total turns spent on level
                    A         B        C        D         E        F      G
               +---------+---------+-------+---------+---------+-------+---------
         Total |       0 |     125 |   0.0 |       0 |      33 |   0.0 |  1864
               +---------+---------+-------+---------+---------+-------+---------
           D:1 |       0 |      40 |   0.0 |       0 |      15 |   0.0 |   730
           D:2 |       0 |      64 |   0.0 |       0 |      14 |   0.0 |  1013
           D:3 |       0 |      21 |   0.0 |       0 |       4 |   0.0 |   121
               +---------+---------+-------+---------+---------+-------+---------
